Map: Backwater LE

Players

Torrente

  • Race: Zerg Zerg
  • League: Gold
  • Spawn Location: 11:00

ILIEKEGGPIE - Winner!

  • Race: Protoss Protoss
  • League: Platinum
  • Spawn Location: 5:00

VOD

Have the link to the VOD?

Description

Time

  • Played on: April 24, 2018, 3:11 p.m.
  • Length: 19:38
Show
View Real Time Build Order
Export as new Build Order

Torrente Zerg 

Build Orders: Pool First, Lurkers 

Get SALT Encoding   

  12  0:01  Drone  
  13  0:08  Drone  
  14  0:32  Spawning Pool, Drone  
  14  0:37  Overlord  
  14  0:56  Drone x3  
  17  1:20  Zergling x2  
  18  1:33  Zergling x2  
  18  1:34  Hatchery  
  18  1:35  Queen  
  18  1:37  Drone  
  21  2:03  Drone  
  21  2:07  Overlord x2  
  22  2:21  Hatchery  
  21  2:24  Queen  
  23  2:30  Extractor  
  23  2:32  Drone x2  
  23  2:34  Extractor  
  23  2:47  Drone x2  
  23  2:48  Drone x3  
  28  3:01  Queen  
  30  3:14  Drone x5  
  35  3:29  Roach Warren  
  34  3:34  Queen  
  34  3:38  Drone  
  37  3:47  Drone x3  
  40  3:49  Drone  
  41  4:15  Drone x5  
  41  4:16  Drone x4  
  50  4:28  Extractor  
  49  4:35  Spore Crawler  
  49  4:36  Lair  
  48  4:38  Drone x2  
  48  4:41  Overlord x2  
  48  4:42  Overlord  
  50  4:48  Evolution Chamber  
  46  4:53  Evolution Chamber  
  43  5:07  Drone x6  
  43  5:08  Drone x4  
  52  5:20  Spore Crawler  
  51  5:29  Zerg Missile Weapons Level 1  
  51  5:30  Zerg Ground Armor Level 1  
  51  5:35  Drone x3, Extractor  
  52  5:36  Drone  
  54  5:44  Extractor  
  54  5:46  Extractor  
  54  5:48  Drone x3  
  55  6:04  Hydralisk Den  
  55  6:05  Overseer  
  53  6:17  Spore Crawler  
  49  6:27  Drone x3  
  49  6:28  Drone x2  
  49  6:32  Drone x8  
  62  6:42  Muscular Augments  
  62  6:51  Hydralisk x2  
  62  6:54  Overlord x4  
  66  7:04  Hatchery  
  65  7:12  Drone x2  
  65  7:13  Drone x2  
  69  7:30  Hydralisk x5  
  69  7:31  Hydralisk  
  81  7:43  Zerg Missile Weapons Level 2  
  79  7:44  Zerg Ground Armor Level 2  
  79  7:45  Hydralisk x3  
  79  7:46  Spore Crawler, Hydralisk x3  
  90  8:02  Overlord x4  
  90  8:14  Overlord x2  
  90  8:19  Queen  
  90  8:22  Grooved Spines  
  91  8:29  Overseer  
  91  8:31  Drone x6  
  91  8:32  Drone x4  
  101  8:37  Queen  
  103  8:52  Overseer  
  103  8:59  Extractor  
  103  9:01  Extractor  
  103  9:02  Spore Crawler, Drone  
  101  9:03  Drone x8  
  101  9:04  Drone  
  108  9:20  Hydralisk x3  
  108  9:21  Hydralisk x6  
  124  9:42  Hydralisk x5  
  134  9:49  Queen  
  136  10:05  Overlord x3  
  136  10:15  Spore Crawler  
  136  10:20  Hydralisk  
  135  10:23  Overlord x2  
  135  10:24  Overlord x3  
  135  10:44  Infestation Pit  
  135  10:46  Queen  
  135  10:47  Hydralisk x2  
  135  10:48  Hydralisk x7  
  135  10:49  Hydralisk x3  
  156  11:16  Hydralisk x5  
  156  11:17  Hydralisk x4  
  174  11:23  Hive  
  174  11:34  Overseer  
  174  11:43  Hydralisk x2  
  174  11:44  Hydralisk x3  
  174  11:45  Lurker Den  
  174  11:46  Overlord  
  183  11:47  Overlord x4  
  183  12:02  Hatchery  
  182  12:34  Spore Crawler  
  182  12:35  Zerg Missile Weapons Level 3  
  182  12:36  Zerg Ground Armor Level 3  
  181  12:48  Hydralisk x7  
  181  12:49  Hydralisk  
  197  13:07  Overseer  
  197  13:20  Extractor  
  197  13:21  Extractor  
  197  13:25  Hydralisk x3  
  197  13:26  Hydralisk x7  
  197  13:27  Hydralisk x6  
  130  13:42  Hydralisk  
  130  13:43  Hydralisk x7  
  130  13:47  Adaptive Talons  
  138  13:58  Hydralisk x5  
  138  14:02  Lurker x4  
  152  14:03  Lurker  
  152  14:06  Hydralisk  
  152  14:07  Hydralisk x7  
  169  14:11  Overseer  
  169  14:12  Overseer  
  145  14:57  Hydralisk x2  
  145  14:58  Hydralisk x8  
  145  14:59  Hydralisk x2  
  169  15:09  Drone  
  150  15:51  Hydralisk  
  150  15:52  Hydralisk x7  
  150  15:53  Hydralisk x7  
  150  15:54  Hydralisk x2  
  172  16:09  Hydralisk  
  172  16:10  Hydralisk x6  
  186  16:16  Overseer  
  186  16:23  Zerg Melee Weapons Level 1  
  186  16:29  Lurker x4  
  186  16:30  Lurker x3  
  193  16:37  Zergling x4  
  193  16:38  Zergling x4  
  155  16:59  Hydralisk x5  
  155  17:00  Hydralisk x7  
  176  17:26  Hydralisk  
  176  17:27  Hydralisk x7  
  168  17:44  Hydralisk x3  
  168  17:45  Hydralisk x3  
  160  18:11  Hydralisk x5  
  160  18:12  Hydralisk x4  
  102  18:23  Hydralisk x3  
  97  18:35  Overseer  
Show
View Real Time Build Order
Export as new Build Order

ILIEKEGGPIE Protoss - Winner!

Build Orders: Oracle Opening 

Get SALT Encoding   

  12  0:01  Probe  
  13  0:13  Probe  
  14  0:23  Pylon  
  14  0:25  Probe  
  15  0:38  Probe  
  16  0:46  Probe  
  16  0:55  Assimilator, Probe  
  17  1:00  Gateway  
  18  1:08  Probe  
  19  1:14  Forge  
  19  1:20  Probe  
  20  1:30  Probe  
  21  1:38  Probe  
  21  1:46  Assimilator  
  22  1:56  Nexus  
  22  2:01  Photon Cannon  
  22  2:06  Probe  
  23  2:16  Cybernetics Core  
  23  2:35  Pylon  
  23  2:48  Adept  
  23  2:55  Stargate  
  25  2:59  Warp Gate  
  25  3:06  Probe  
  26  3:18  Probe  
  27  3:21  Probe  
  28  3:29  Probe  
  28  3:30  Gateway, Probe  
  28  3:31  Gateway  
  30  3:37  Sentry, Probe  
  30  3:40  Oracle  
  36  3:42  Probe  
  37  3:50  Probe x2  
  39  4:01  Pylon  
  39  4:02  Probe  
  40  4:14  Protoss Ground Weapons Level 1  
  40  4:26  Probe x2  
  40  4:27  Phoenix  
  40  4:31  Assimilator  
  44  4:34  Assimilator  
  44  4:38  Probe x2  
  46  4:42  Robotics Facility  
  46  4:50  Probe x2  
  48  5:02  Phoenix, Probe x2  
  52  5:14  Probe x2  
  54  5:24  Pylon  
  54  5:28  Pylon  
  54  5:40  Phoenix, Pylon  
  54  5:41  Pylon  
  54  5:42  Probe  
  58  5:43  Observer  
  58  5:48  Probe  
  59  5:50  Stalker x3  
  59  5:54  Probe  
  66  5:57  Phoenix, Nexus  
  70  6:04  Immortal  
  69  6:25  Gateway  
  69  6:31  Stalker  
  69  6:32  Stalker x2  
  75  6:37  Probe  
  75  6:38  Probe  
  77  6:43  Immortal  
  81  6:50  Probe x2  
  81  6:51  Robotics Bay  
  83  7:00  Stalker  
  85  7:05  Pylon  
  85  7:07  Pylon  
  85  7:13  Probe  
  85  7:14  Probe x2  
  88  7:20  Phoenix  
  87  7:25  Probe  
  90  7:32  Colossus  
  96  7:45  Stalker  
  96  7:46  Sentry x2  
  96  7:47  Extended Thermal Lance  
  96  7:51  Probe  
  103  7:53  Assimilator  
  103  7:56  Assimilator  
  103  7:57  Pylon  
  103  7:58  Pylon  
  103  8:00  Pylon  
  103  8:11  Gateway  
  103  8:12  Gateway  
  103  8:14  Gateway  
  103  8:17  Gateway  
  103  8:20  Stalker x3  
  109  8:28  Colossus  
  115  8:48  Probe  
  115  8:51  Pylon  
  115  8:52  Pylon, Probe x2  
  115  8:54  Pylon  
  118  8:56  Probe  
  119  9:04  Probe x2  
  121  9:11  Stalker x3  
  121  9:12  Stalker  
  129  9:39  Stalker  
  129  9:40  Sentry x4  
  129  9:41  Colossus  
  139  9:46  Twilight Council  
  145  10:04  Pylon  
  145  10:08  Probe x3  
  148  10:16  Charge, Protoss Ground Armor Level 1  
  148  10:20  Probe x3  
  151  10:32  Probe x2  
  151  10:35  Templar Archives  
  153  10:36  Colossus, Forge  
  153  10:37  Gateway  
  159  11:21  Protoss Ground Weapons Level 2  
  159  11:29  Colossus, Probe  
  159  11:30  Probe  
  167  11:34  Pylon, Nexus  
  167  11:36  Gateway  
  167  11:38  Pylon  
  167  11:40  Assimilator  
  167  11:45  Assimilator  
  167  11:52  Pylon  
  167  11:57  Pylon  
  167  12:00  Pylon  
  167  12:04  Pylon  
  167  12:06  Templar Archives, Pylon  
  167  12:29  Stalker x2  
  171  12:30  Stalker x4  
  171  12:31  High Templar x3  
  171  12:36  Gateway  
  185  12:37  Gateway  
  185  12:44  Archon  
  185  12:47  Observer  
  146  14:01  Stalker  
  146  14:02  Stalker x2, High Templar x2  
  156  14:03  Zealot x2, High Templar x2  
  164  14:18  Colossus  
  168  14:41  Pylon  
  168  14:45  Protoss Ground Weapons Level 3  
  168  14:46  Protoss Ground Armor Level 2  
  168  14:48  Blink  
  168  14:49  Pylon  
  168  15:05  Zealot, Gateway  
  170  15:10  Colossus  
  170  15:12  Zealot  
  170  15:13  Zealot  
  170  15:14  Zealot x5  
  184  15:15  Zealot x4  
  156  15:44  Archon  
  156  15:45  Archon  
  152  15:54  Psionic Storm, Stalker x3  
  149  16:00  High Templar x5  
  149  16:01  Zealot x4  
  167  16:22  Archon x2  
  167  16:24  Stalker x2  
  167  16:25  Zealot, Nexus  
  171  16:26  Zealot x5  
  171  16:27  Pylon  
  171  16:32  Observer  
  184  16:41  Pylon  
  166  17:20  High Templar x4  
  174  17:37  Protoss Shields Level 1  
  166  17:45  Zealot x3  
  166  17:46  Zealot x3  
  120  18:23  Zealot x3  
  120  18:24  High Templar x4  
  120  18:25  Stalker x2  
  120  18:26  Stalker  
  126  18:27  Immortal  
Tags
 
Composition
Lurkers
Matchup
PvZ
Replay Pack
Multi
Spawn Locations
Cross Positions
Add a new tag
Caveats
  • Supply blocks, unpowered buildings, or Contaminate may cause inaccurate times.
  • Supply counts are checked every 10 seconds.